 Dungeon Crawl Stone Soup version 0.26-a0-660-gc07710193c (webtiles) character file.

Game seed: 6165329671883750873

126 Decritt the Gusty (level 4, -1/33 HPs)
             Began as a Draconian Air Elementalist on Oct 6, 2020.
             Slain by a hound (4 damage)
             ... on level 4 of the Dungeon.
             The game lasted 00:09:39 (2889 turns).

Decritt the Gusty (Draconian Air Elementalist)      Turns: 2889, Time: 00:09:40

Health: -1/33      AC:  6    Str: 11    XL:     4   Next: 84%
Magic:  0/7        EV: 12    Int: 16    God:
Gold:   119        SH:  0    Dex: 11    Spells: 6/7 levels left

rFire    . . .     SeeInvis .   l - +0 quarterstaff
rCold    . . .     Faith    .   (shield currently unavailable)
rNeg     . . .     Spirit   .   (armour unavailable)
rPois    .         Reflect  .   (helmet restricted)
rElec    .         Harm     .   (no cloak)
rCorr    .         Rampage  .   i - +0 pair of gloves
MR       .....                  (no boots)
Stlth    ++........             (no amulet)
HPRegen  0.11/turn              (no ring)
MPRegen  0.10/turn              (no ring)

@: no status effects
A: unfitting armour, cold-blooded, AC +5
a: no special abilities


You were on level 4 of the Dungeon.
You visited 1 branch of the dungeon, and saw 4 of its levels.

You collected 119 gold pieces.

Inventory:

Hand Weapons
 l - a +0 quarterstaff (weapon)
Missiles
 a - 21 poisoned darts (quivered)
Armour
 i - a +0 pair of gloves (worn)
Scrolls
 b - a scroll of blinking {unknown}
 c - 2 scrolls of amnesia {unknown}
 e - a scroll of fear {unknown}
 f - a scroll of fog {unknown}
 g - 3 scrolls of identify {unknown}
 h - 2 scrolls of teleportation {unknown}
 k - a scroll of noise {unknown}
Potions
 d - 3 potions of curing {unknown}
 j - a potion of degeneration {unknown}


   Skills:
 - Level 1.7 Dodging
 - Level 1.7 Stealth
 - Level 2.0 Spellcasting
 * Level 3.3 Conjurations
 * Level 4.5 Air Magic


You had 6 spell levels left.
You knew the following spells:

 Your Spells              Type           Power        Failure   Level
a - Shock                 Conj/Air       ##..         4%          1

Your spell library contained the following spells:

 Spells                   Type           Power        Failure   Level
 Swiftness                Air            ###.....     4%          2
 Static Discharge         Conj/Air       ##......     12%         3
 Airstrike                Air            ###.......   32%         4
 Lightning Bolt           Conj/Air       ##........   75%         5


Dungeon Overview and Level Annotations

Branches:
Dungeon (4/15)
 Temple: D:4-7

Altars:


Innate Abilities, Weirdness & Mutations

Your plain brown scales are hard. (AC +5)
You cannot fit into any form of body armour.
You are cold-blooded and may be slowed by cold attacks.


Message History

You see here a puce potion.
The hound barely misses you. The hound bites you.
* * * LOW HITPOINT WARNING * * *
The hound barely misses you. x2
The hound bites you but does no damage.
Casting: Shock (safe; 4% risk of failure)
Confirm with . or Enter, or press ? or * to list all spells.
Aiming: Shock (safe; 4% risk of failure)
Press: ? - help, Shift-Dir - straight line, f - hound
Aim: a hound The zap hits the hound.
The hound is moderately wounded.
The hound closely misses you. The hound closely misses you.
The hound bites you but does no damage. The hound closely misses you.
The hound bites you.
* * * LOW HITPOINT WARNING * * *
The hound bites you but does no damage. The hound bites you.
You die...

.......!......#
........<....#
.............#
#...........###
#.............##
#.............#
##...........##
#.....h.....#
#.....@..!..#
#............##
..##........## #
##......##
##....## ##..##
##.. ##.


You could see a hound.

Vanquished Creatures
  5 adders (D:2)
  An ooze (D:1)
  A worm (D:3)
  A dart slug (D:2)
  8 leopard geckos
  An orc (D:2)
  A ball python (D:2)
  2 giant cockroaches (D:2)
  3 goblins (D:2)
  9 hobgoblins
  4 jackals
  7 kobolds
  A quokka (D:2)
  8 bats
  5 frilled lizards
  6 rats
63 creatures vanquished.

Notes
Turn   | Place    | Note
-------+----------+-------------------------------------------
     0 | D:1      | Decritt the Draconian Air Elementalist began the quest for
                  | the Orb.
     0 | D:1      | Reached XP level 1. HP: 14/14 MP: 3/3
    71 | D:1      | Reached XP level 2. HP: 12/20 MP: 0/5
   964 | D:2      | Reached XP level 3. HP: 26/26 MP: 3/6
  1182 | D:2      | Reached skill level 4 in Air Magic
  1341 | D:2      | Reached XP level 4. HP: 33/33 MP: 5/7
  2889 | D:4      | Slain by a hound

Illustrated notes

Levels and vault maps discovered:
D:1:      giann_wishing_wells, layout_basic, chequers_decorated_corner
D:2:      layout_loops_cross
D:3:      cheibrodos_thug_alley, layout_basic, elyvilon_altar_3,
          hangedman_abyss_or_decor_lesser_grid, hangedman_decor_diamond_cutter
D:4:      layout_cave_pods, gammafunk_ghost_cemetery, uniq_menkaure

Skill      XL: |  1  2  3  4 |
---------------+-------------+-----
Conjurations   | 2 3 |  3.3
Air Magic      | 4 |  4.5
Dodging        | |  1.7
Stealth        | |  1.7
Spellcasting   | |  2.0

Action                   |  1- 3 |  4- 6 || total
-------------------------+-------+-------++-------
Melee: Unarmed           |    19 |       ||    19
       Tailslap          |     2 |       ||     2
       Club              |     8 |       ||     8
       Quarterstaff      |       |    21 ||    21
Throw: Dart              |       |     4 ||     4
 Cast: Shock             |    47 |    77 ||   124
Armor: Skin              |    13 |    23 ||    36
Dodge: Dodged            |    25 |    79 ||   104

Table legend: (Time is in decaauts)
 A = Elapsed time spent in this place.
 B = Non-inter-level travel time spent in this place.
 C = Inter-level travel time spent in this place.
 D = Time resting spent in this place.
 E = Time spent auto-exploring this place.
 F = Levels seen in this place.
 G = Mean time per level.
                   A        B        C        D        E       F      G
               +--------+--------+--------+--------+--------+-----+--------+
         Total |   2897 |   2819 |     78 |    935 |   1344 |   4 |  724.2 |
       Dungeon |   2897 |   2819 |     78 |    935 |   1344 |   4 |  724.2 |
               +--------+--------+--------+--------+--------+-----+--------+

Top non-repeatable levels by time:
     D:2: 1681 daAuts
     D:1: 961 daAuts
     D:3: 223 daAuts
     D:4: 31 daAuts
